[Event "DFMMLV 2017"]
[Site "Braunfels"]
[Date "2017.06.18"]
[Round "5"]
[White "Mueller, Manon"]
[Black "Rempel, Yana"]
[Result "1/2-1/2"]
[ECO "A40"]
[WhiteElo "1781"]
[BlackElo "2059"]
[Annotator "NA RC"]
[PlyCount "120"]
[EventDate "2017.??.??"]
[EventType "team-tourn"]
[EventCountry "GER"]
[SourceTitle "playchess.com"]
[Source "ChessBase"]
[SourceQuality "1"]
[TimeControl "40/5400+30:1800+30"]

1. d4 g6 2. Nf3 c5 3. c4 cxd4 4. Nxd4 Bg7 5. e3 Nc6 6. Nc3 Nf6 7. g3 d6 8. Bg2 Bd7 9. O-O O-O 10. b3 Rc8 11. Bb2 Qa5 12. Re1 {[%emt 0:06:43] E60: King's Indian: Unusual lines and Fianchetto Variation without Nc3} Bg4 $146 ({Predecessor:} 12... Rfe8 13. Rc1 a6 14. a3 b5 15. b4 Qb6 16. cxb5 Nxd4 17. Qxd4 Qxd4 18. exd4 axb5 19. Nb1 Kf8 {½-½ (33) Kovalyov,A (2625)-Li,R (2404) Brownsville 2015}) 13. Qd2 Qh5 14. Nxc6 bxc6 15. Ne4 Nxe4 16. Bxe4 Bxb2 17. Qxb2 Bf3 18. Bxf3 Qxf3 19. Qe2 Qxe2 20. Rxe2 Rb8 21. e4 Rb4 22. c5 dxc5 23. Rc1 c4 24. Rxc4 Rxc4 25. bxc4 Rb8 26. Rc2 Kg7 27. e5 g5 28. h3 Kg6 29. g4 Rb1+ 30. Kg2 Re1 31. h4 (31. Rd2 $17) 31... Rxe5 32. h5+ Kf6 33. Rc3 Ra5 34. a3 e6 35. Rf3+ Ke7 36. Kg3 Rc5 37. Rc3 a5 38. Rc2 f5 39. gxf5 exf5 40. f4 (40. Rb2 $17 {keeps fighting.}) 40... Kf6 41. a4 gxf4+ 42. Kxf4 Re5 43. c5 Re4+ 44. Kf3 Kg5 45. h6 Rxa4 46. Rd2 Ra3+ 47. Kg2 Rc3 48. Rd7 Kxh6 49. Rd6+ Kg5 50. Rxc6 Kg4 51. Rc7 Rc2+ 52. Kg1 h5 53. c6 Kf3 54. Rc8 f4 (54... a4 $142 55. Ra8 f4) 55. c7 h4 56. Ra8 Rxc7 57. Rxa5 Rc2 (57... Rd7 $142 58. Kh2 Kf2 59. Ra2+ Ke3) 58. Ra1 Kg3 59. Kh1 f3 60. Rd1 Rh2+ $19 (60... h3 {mates} 61. Rg1+ Rg2 62. Rd1 h2 63. Rc1 Kh3 64. Rb1 Rg3 65. Rd1 f2 66. Rf1 Rg1+ 67. Rxg1 hxg1=R#) 1/2-1/2

[Event "DFMMLV 2017"]
[Site "Braunfels"]
[Date "2017.06.18"]
[Round "5"]
[White "Damrich, Alina"]
[Black "Vollstaedt-Klein, Sabine"]
[Result "1-0"]
[ECO "C44"]
[WhiteElo "1744"]
[BlackElo "1879"]
[Annotator "NA RC"]
[PlyCount "107"]
[EventDate "2017.??.??"]
[EventType "team-tourn"]
[EventCountry "GER"]
[SourceTitle "playchess.com"]
[Source "ChessBase"]
[SourceQuality "1"]
[TimeControl "40/5400+30:1800+30"]

1. e4 e5 2. Nf3 Nc6 3. d4 exd4 4. Nxd4 Nge7 5. Bc4 d6 {[%emt 0:02:10] C45: Scotch Game} (5... Nxd4 6. Qxd4 Nc6 7. Qd5 Qf6 8. O-O Ne5 9. Be2 c6 10. Qb3 Bc5 11. Be3 Bxe3 12. Qxe3 g5 13. Nd2 d6 14. Nc4 Nxc4 15. Bxc4 Be6 16. Bxe6 fxe6 {1-0 (38) Andreikin,D (2736)-Forsberg,V (2370) Stockholm 2016}) 6. Bg5 h6 $146 ({Predecessor:} 6... Nxd4 7. Qxd4 Be6 8. Bxe6 fxe6 9. f4 h6 10. Bxe7 Qxe7 11. Nc3 e5 12. Qc4 c6 13. O-O exf4 14. Rxf4 g5 15. Rf5 {1-0 (52) Jensen,B (2257)-Christensen,T (2330) Denmark 2007}) 7. Bh4 (7. Nxc6 $14 bxc6 8. Be3) 7... g5 8. Bg3 Bg7 9. c3 Bd7 10. Na3 Ng6 11. Nac2 Qe7 12. Qe2 a6 13. O-O-O O-O-O (13... h5 $11) 14. Bd5 (14. Bxa6 $14 Nxd4 15. cxd4 (15. Nxd4 bxa6 16. Qxa6+ Kb8 $11)) 14... Nxd4 15. Nxd4 Rhe8 16. Rhe1 f5 17. f3 fxe4 (17... Bxd4 $5 18. cxd4 (18. Rxd4 f4 $11) 18... Be6 19. Bxe6+ Qxe6 $11) 18. Bxe4 Qf7 19. Qc2 Nf4 20. Bxf4 Qxf4+ 21. Kb1 Qxh2 (21... Bxd4 $5 22. cxd4 c6 $11) 22. Qb3 c6 23. Nf5 Be6 24. Qb6 Bxf5 25. Bxf5+ Kb8 26. Rxe8 Rxe8 27. Bd7 Qe5 $2 (27... Rf8 $14) 28. Bxe8 Qxe8 29. Rxd6 Kc8 30. Rd2 Qe1+ 31. Kc2 Bf6 32. Qc5 Qe6 33. Qd6 Qf5+ 34. Kc1 g4 (34... Qe5 $142 35. g4 Qe7) 35. fxg4 Qf1+ 36. Kc2 Bg5 37. Qe6+ Kb8 38. Re2 Ka7 39. Qe5 Qc1+ 40. Kb3 Qd1+ 41. Ka3 Bf6 42. Qe3+ ({Not} 42. Qxf6 Qxe2 43. Qxh6 Qxg4 $16) 42... b6 (42... Ka8 $142 43. Qd2 Qg1 44. Re8+ Ka7 45. Qe3+ Qxe3 46. Rxe3 Bg5) 43. Rd2 Qxg4 44. Qxh6 Qe6 45. Qh7+ Be7+ 46. b4 Kb8 47. Qd3 a5 48. Re2 axb4+ 49. cxb4 Qf6 50. Qe3 Ka8 51. Qxe7 Qc3+ $18 52. Ka4 b5+ 53. Ka5 Qa3+ 54. Kb6 1-0

[Event "DFMMLV 2017"]
[Site "Braunfels"]
[Date "2017.06.18"]
[Round "5"]
[White "Busch, Annette"]
[Black "Antczak, Lena"]
[Result "0-1"]
[ECO "A40"]
[WhiteElo "1637"]
[BlackElo "1754"]
[Annotator "NA"]
[PlyCount "66"]
[EventDate "2017.??.??"]
[EventType "team-tourn"]
[EventCountry "GER"]
[SourceTitle "playchess.com"]
[Source "ChessBase"]
[SourceQuality "1"]
[TimeControl "40/5400+30:1800+30"]

1. d4 e6 2. Bf4 f5 3. e3 Nf6 4. Nf3 d6 5. Bc4 Be7 6. Nbd2 O-O 7. c3 Qe8 8. Qe2 a6 9. h3 Nc6 10. O-O-O b5 11. Bb3 Na5 12. Bc2 c5 13. g4 b4 14. cxb4 cxb4 15. gxf5 exf5 16. Rhg1 Qc6 17. Kb1 Be6 18. Ng5 Bd7 19. Rc1 Qb7 20. Nb3 Nc6 21. Qc4+ d5 22. Qe2 a5 23. Nc5 Bxc5 24. dxc5 a4 25. Bd3 Rfe8 26. Qd2 Ne4 27. Bxe4 dxe4 28. Qd5+ Be6 29. Nxe6 Kh8 30. Nd4 Ra6 31. Nxc6 Rxc6 32. Be5 Rc7 33. Bxc7 Qxd5 0-1

[Event "DFMMLV 2017"]
[Site "Braunfels"]
[Date "2017.06.18"]
[Round "5"]
[White "Semenova, Alisa"]
[Black "Landenberger, Anja Kathrin"]
[Result "1/2-1/2"]
[ECO "B18"]
[WhiteElo "1621"]
[BlackElo "1544"]
[Annotator "NA"]
[PlyCount "54"]
[EventDate "2017.??.??"]
[EventType "team-tourn"]
[EventCountry "GER"]
[SourceTitle "playchess.com"]
[Source "ChessBase"]
[SourceQuality "1"]
[TimeControl "40/5400+30:1800+30"]

1. e4 c6 2. d4 d5 3. Nc3 dxe4 4. Nxe4 Bf5 5. Ng3 Bg6 6. Nf3 e6 7. Bd3 Bxd3 8. Qxd3 Be7 9. Be3 Nd7 10. O-O Ngf6 11. c4 O-O 12. Rad1 Qc7 13. Ng5 Rfd8 14. Qe2 Nf8 15. f4 c5 16. f5 cxd4 17. Rxd4 Rxd4 18. Bxd4 Bc5 19. Bxc5 Qxc5+ 20. Kh1 Re8 21. N3e4 Nxe4 22. Qxe4 Qc6 23. Qxc6 bxc6 24. fxe6 f6 25. Nf3 Rxe6 26. Re1 Kf7 27. Kg1 Rxe1+ 1/2-1/2

[Event "DFMMLV 2017"]
[Site "Braunfels"]
[Date "2017.06.18"]
[Round "5"]
[White "Krausse, Vanessa"]
[Black "Zpevakova, Katerina"]
[Result "1-0"]
[ECO "B42"]
[WhiteElo "1600"]
[BlackElo "1912"]
[Annotator "NA RC"]
[PlyCount "157"]
[EventDate "2017.??.??"]
[EventType "team-tourn"]
[EventCountry "GER"]
[SourceTitle "playchess.com"]
[Source "ChessBase"]
[SourceQuality "1"]
[TimeControl "40/5400+30:1800+30"]

1. e4 c5 2. Nf3 e6 3. d4 cxd4 4. Nxd4 a6 5. Bd3 Qc7 6. O-O Nf6 7. Re1 d6 {[%emt 0:00:41] LiveBook: 19 Games B42: Sicilian: Kan Variation: 5 Bd3} 8. Nd2 (8. f4 Nbd7 9. Qf3 g6 10. Nd2 Bg7 11. c3 O-O 12. Nf1 b6 13. Ng3 Bb7 14. Rf1 h5 15. Bd2 {0-1 (30) Baghdasaryan,V (2406)-Pantsulaia,L (2595) Dubai 2012}) 8... Be7 9. N2f3 Nbd7 10. Qe2 $146 ({Predecessor:} 10. Nb3 O-O 11. Bd2 b6 12. c4 Bb7 13. Bc3 e5 14. Bb4 Nh5 15. g3 g6 {½-½ (27) Lorite Cruz,F (2198)-Garcia Paolicchi,R (2318) Collado Villalba 2000}) 10... O-O 11. Bf4 Ne5 12. Bxe5 dxe5 13. Nb3 b6 14. Rad1 Bb7 15. Nbd2 Nd7 16. Nc4 b5 17. Ne3 Nc5 18. Ng4 f6 19. Rd2 (19. h3 $17 {is a better defense.}) 19... h5 20. Ne3 Bxe4 21. Bxe4 Nxe4 22. Rd3 f5 23. Red1 Rad8 24. Rxd8 Rxd8 25. Rxd8+ Bxd8 26. Qd3 Bf6 27. Qa3 (27. Qe2 {is a better defense.}) 27... Qd6 28. Qxd6 Nxd6 29. b3 g5 30. h3 e4 31. Nd2 Bd4 32. c4 Kf7 33. Nc2 e5 34. Kf1 Ke7 35. Nb4 Bc3 $2 (35... g4 $17 {and life is bright.} 36. hxg4 hxg4) 36. Nd5+ Kd7 37. Nxc3 Kc6 38. cxb5+ axb5 39. Ke2 Kc5 40. Nf1 Kd4 41. Kd2 f4 42. a3 g4 43. hxg4 hxg4 44. g3 Kc5 45. Nh2 (45. b4+ $142 Kb6 46. gxf4 Nc4+ 47. Ke2) 45... e3+ 46. fxe3 fxg3 47. Nxg4 b4 48. axb4+ Kxb4 49. Kc2 Ne4 50. Ne2 ({Don't blunder} 50. Nxe4 $2 g2 $19) 50... g2 51. Nxe5 Ng3 52. Ng1 Nf5 53. Ng4 Ng3 54. Kb2 Ne4 55. Ne5 Nc5 56. Nc6+ Kb5 57. Nd4+ Kb4 58. Nc2+ Kb5 59. Ka3 Nd3 60. Nd4+ Kc5 61. Ndf3 Kd5 62. Nh4 Ne1 63. b4 $2 (63. Ka4 $18 Ke4 64. b4) 63... Nc2+ {[%emt 0:00:00] [#]} 64. Ka4 $1 Nxe3 65. b5 ({Not} 65. Nxg2 Nxg2 66. Nf3 Ne3 $11) 65... Kc5 {[%emt 0:01:09] [#]} 66. Ka5 $1 ({Reject} 66. Nxg2 $6 Nc4 $11) 66... Nd5 {[%emt 0:00:45] [#]} (66... Nc4+ $16 {was worth a try.} 67. Ka6 Nb6) 67. Nxg2 $2 (67. Nhf3 $1 $18) 67... Kd6 68. Nf3 Kc7 69. Nd4 Kb7 $2 (69... Kb8 $11) 70. Ne6 Ka7 71. Nc5 Kb8 72. Nd7+ $2 (72. Ne1 $18 Kc7 73. Nc2) 72... Kb7 73. Ne1 Kc7 {[%emt 0:01:02] [#]} 74. Nc5 $1 Kb8 $18 75. Ned3 Ka7 76. Nb4 Nc7 77. Nc6+ Ka8 78. b6 Ne6 79. b7# 1-0